 Dungeon Crawl Stone Soup version 0.31-a0-496-g6f97920a28 (webtiles) character file.

Game seed: 4479616690549307143

518 MisterAzrael the Trooper (level 7, -9/61 HPs)
             Began as a Minotaur Berserker on Aug 8, 2023.
             Was a Priest of Trog.
             Mangled by an ogre
             ... wielding a +0 giant spiked club
              (23 damage)
             ... on level 5 of the Dungeon.
             The game lasted 00:03:31 (3874 turns).

MisterAzrael the Trooper (Minotaur Berserker)       Turns: 3874, Time: 00:03:32

Health: -9/61      AC:  9    Str: 24    XL:     7   Next: 1%
Magic:  15/15      EV:  9    Int:  4    God:    Trog [***...]
Gold:   230        SH:  0    Dex:  9    Spells: 6/6 levels left

rFire   . . .        q - +4 quarterstaff (chaos)
rCold   . . .        (shield currently unavailable)
rNeg    . . .        t - +0 chain mail
rPois   .            (helmet restricted)
rElec   .            (no cloak)
rCorr   .            (no gloves)
SInv    .            (no boots)
Will    .....        (no amulet) Stlth
                     m - ring of magical power
HPRegen 0.30/turn    (no ring)
MPRegen 0.14/turn

%: no passive effects
@: no status effects
A: horns 2, retaliatory headbutt
a: Renounce Religion, Berserk, Trog's Hand


You were on level 5 of the Dungeon.
You worshipped Trog.
Trog was most pleased with you.
You visited 1 branch of the dungeon, and saw 5 of its levels.

You collected 230 gold pieces.

Inventory:

Hand Weapons
 a - a +0 hand axe
 q - a +4 quarterstaff of chaos (weapon)
Missiles
 e - 2 curare-tipped darts
 i - 7 javelins
Armour
 b - a +0 animal skin
 t - a +0 chain mail (worn)
Jewellery
 m - a ring of magical power (left hand)
Talismans
 D - a flux talisman
Wands
 y - a wand of roots (5)
Scrolls
 f - 6 scrolls of identify {unknown}
 g - 3 scrolls of enchant weapon {unknown}
 r - 4 scrolls of teleportation {unknown}
 s - a scroll of enchant armour {unknown}
 v - a scroll of amnesia {unknown}
 w - a scroll of torment {unknown}
 x - a scroll of revelation {unknown}
 z - 2 scrolls of fog {unknown}
 B - a scroll of immolation {unknown}
 C - a scroll of silence {unknown}
Potions
 c - a potion of magic {unknown}
 d - a potion of ambrosia {unknown}
 h - a potion of haste {unknown}
 j - 2 potions of mutation {unknown}
 k - a potion of berserk rage {unknown}
 l - 3 potions of degeneration {unknown}
 n - 2 potions of brilliance {unknown}
 o - a potion of invisibility {unknown}
 p - a potion of lignification {unknown}
 u - a potion of cancellation {unknown}
 A - a potion of curing {unknown}


   Skills:
 + Level 5.5 Fighting
 - Level 4.6 Axes
 * Level 4.0 Staves
 + Level 4.7 Armour
 + Level 4.2 Dodging


You had 6 spell levels left.
You didn't know any spells.
Your spell library was empty.

Dungeon Overview and Level Annotations

Branches:
Dungeon (5/15)             Temple (0/1) D:4

Altars:
Cheibriados
Trog
Uskayaw
Zin


Innate Abilities, Weirdness & Mutations

You have a pair of horns on your head.
You reflexively headbutt those who attack you in melee.


Message History

m - a ring of magical power (left hand) Magic restored.
You see here a scorpion corpse.
Found a flux talisman.
B - a scroll labelled NIUN ULETSUVUO
Found a stone staircase leading down.
C - a scroll labelled CIERU GOAC You see here a flux talisman.
D - a flux talisman You now have 208 gold pieces (gained 20).
You now have 218 gold pieces (gained 10).
You see here a staff of conjuration.
You open the door.
There is an open door here.
There is an open door here.
z - 2 scrolls labelled ASEKLI SAEHOSE (gained 1)
You open the door.
There is an open door here.
Found 3 stones.
You now have 230 gold pieces (gained 12).
Found 4 stones.
f - 6 scrolls labelled INYUTW PINUSM (gained 1)
You open the door.
There is an open door here.
An ogre comes into view. It is wielding a +0 giant spiked club.
Found a stone staircase leading up.
The ogre shouts!
The ogre hits you with a +0 giant spiked club!
You barely miss the ogre. You hit the ogre but do no damage.
The ogre closely misses you. You furiously retaliate!
You headbutt the ogre. You sock the ogre!
The ogre seems to speed up.
The ogre is moderately wounded.
The ogre hits you with a +0 giant spiked club!!
Ouch! That really hurt!
* * * LOW HITPOINT WARNING * * *
You thump the ogre! You burn the ogre.
The ogre is almost dead.
The ogre hits you with a +0 giant spiked club!!
You die...

### #.# #<#
############## #.#
#............. #.#
#.###########. #O#
#.# ##. #@# #.#
#..
#.###'##########..
#.................
####..............
#............#.
#............#.
#............#.
#......(.....#.
#............#.


You could see an ogre (fast).

Vanquished Creatures
  2 phantoms (D:4)
  2 scorpions (D:5)
  Crazy Yiuf (D:2)
  Jessica (D:2)
  A mummy (D:4)
  6 gnolls
  3 adders
  2 dart slugs
  2 worms (D:4)
  3 orcs
  6 endoplasms
  2 giant cockroaches
  10 hobgoblins
  12 jackals
  6 kobolds
  6 quokkas
  3 ball pythons
  A bat (D:2)
  4 frilled lizards
  10 goblins
  5 rats
88 creatures vanquished.

Notes
Turn   | Place    | Note
-------+----------+-------------------------------------------
     0 | D:1      | MisterAzrael the Minotaur Berserker began the quest for the
                  | Orb.
     0 | D:1      | Reached XP level 1. HP: 19/19 MP: 0/0
   184 | D:1      | Reached XP level 2. HP: 22/27 MP: 1/1
   413 | D:1      | Reached skill level 4 in Fighting
   554 | D:1      | Found a faded altar of an unknown god.
   565 | D:1      | Reached ** piety under Trog
   906 | D:1      | Reached XP level 3. HP: 28/33 MP: 2/2
  1291 | D:2      | Found a runed translucent door.
  1292 | D:2      | Noticed Crazy Yiuf
  1479 | D:2      | Noticed Jessica
  1484 | D:2      | Killed Jessica
  1485 | D:2      | Reached XP level 4. HP: 41/41 MP: 3/3
  1729 | D:2      | Found a glowing silver altar of Zin.
  1881 | D:2      | Killed Crazy Yiuf
  2249 | D:3      | Reached XP level 5. HP: 47/47 MP: 4/4
  2331 | D:3      | Reached skill level 1 in Staves
  2905 | D:4      | Found a staircase to the Ecumenical Temple.
  2948 | D:4      | Found a bloodstained altar of Trog.
  2958 | D:4      | Found a hide-covered altar of Uskayaw.
  3054 | D:4      | Found a snail-covered altar of Cheibriados.
  3057 | D:4      | Reached *** piety under Trog
  3204 | D:4      | Found a snail-covered altar of Cheibriados.
  3206 | D:4      | Noticed a phantom
  3214 | D:4      | Killed a phantom
  3215 | D:4      | Reached skill level 5 in Fighting
  3215 | D:4      | Reached XP level 6. HP: 56/56 MP: 5/5
  3599 | D:5      | Entered Level 5 of the Dungeon
  3664 | D:5      | Reached XP level 7. HP: 61/61 MP: 6/6
  3874 | D:5      | Mangled by an ogre

Illustrated notes

Levels and vault maps discovered:
D:1:      wheals_arrival_shading, layout_basic,
          shapermc_ecumenical_altar_notcrosses
D:2:      layout_basic, basic_altar, uniq_crazy_yiuf_cottage, uniq_jessica
D:3:      layout_basic
D:4:      layout_basic, nicolae_overflow_squiral, slow_altar_1,
          minmay_temple_entry_glassed_door, minmay_ruined_shrine
D:5:      layout_basic

Skill      XL: |  1  2  3  4  5  6 |
---------------+-------------------+-----
Fighting       | 4 5 |  5.5
Axes           | 4 |  4.6
Armour         | 3 4 |  4.7
Dodging        | 3 4 |  4.2
Staves         | 3 4 |  4.0

Action                     |  1- 3 |  4- 6 |  7- 9 || total
---------------------------+-------+-------+-------++-------
  Melee: Hand axe          |    90 |    12 |       ||   102
         Headbutt          |     8 |    11 |       ||    19
         Punch             |     1 |       |       ||     1
         Quarterstaff      |       |    61 |     4 ||    65
 Armour: Animal skin       |    20 |     6 |       ||    26
         Chain mail        |       |    14 |       ||    14
  Dodge: Dodged            |    61 |    44 |     1 ||   106

Table legend: (Time is in decaauts)
 A = Elapsed time spent in this place.
 B = Non-inter-level travel time spent in this place.
 C = Inter-level travel time spent in this place.
 D = Time resting spent in this place.
 E = Time spent auto-exploring this place.
 F = Levels seen in this place.
 G = Mean time per level.
                   A        B        C        D        E       F      G
               +--------+--------+--------+--------+--------+-----+--------+
         Total |   3898 |   3733 |    165 |    271 |   2970 |   5 |  779.6 |
       Dungeon |   3898 |   3733 |    165 |    271 |   2970 |   5 |  779.6 |
               +--------+--------+--------+--------+--------+-----+--------+

Top non-repeatable levels by time:
     D:1: 1039 daAuts
     D:2: 962 daAuts
     D:3: 828 daAuts
     D:4: 793 daAuts
     D:5: 275 daAuts
